[Event "10th KiiT Festival 2017"]
[Site "Bhubaneshwar"]
[Date "2017.05.28"]
[Round "4"]
[White "Sardana, Rishi"]
[Black "Alahakoon, Isuru"]
[Result "1-0"]
[ECO "D02"]
[WhiteElo "2390"]
[BlackElo "2047"]
[Annotator "NA"]
[PlyCount "65"]
[EventDate "2017.05.26"]
[EventType "swiss"]
[EventCountry "IND"]
[SourceTitle "playchess.com"]
[Source "ChessBase"]
[SourceQuality "1"]
[TimeControl "5400+30"]

1. d4 d5 2. Bf4 Nf6 3. e3 e6 4. c3 c5 5. Nd2 Nc6 6. Ngf3 cxd4 7. exd4 Nh5 8. Be3 Bd6 9. Ne5 g6 10. Bb5 O-O 11. Ndf3 Ne7 12. O-O Qc7 13. Re1 f6 14. Ng4 Ng7 15. Nh6+ Kh8 16. Rc1 e5 17. dxe5 fxe5 18. Ng5 Be6 19. g3 Bc5 20. Qd2 Nef5 21. Nxf5 Rxf5 22. Nxe6 Nxe6 23. Qxd5 Bxe3 24. Rxe3 Qb6 25. Bd3 Qxb2 26. Bxf5 Qxc1+ 27. Kg2 Ng7 28. Bg4 Qb2 29. Rxe5 Rf8 30. Qd4 Qa3 31. Rd5 h5 32. Rd7 Rg8 33. Be6 1-0

[Event "10th KiiT Festival 2017"]
[Site "Bhubaneshwar"]
[Date "2017.05.28"]
[Round "4"]
[White "Rathanvel, V S"]
[Black "Divya Deshmukh"]
[Result "1-0"]
[ECO "B84"]
[WhiteElo "2361"]
[BlackElo "1989"]
[Annotator "NA"]
[PlyCount "111"]
[EventDate "2017.05.26"]
[EventType "swiss"]
[EventCountry "IND"]
[SourceTitle "playchess.com"]
[Source "ChessBase"]
[SourceQuality "1"]
[TimeControl "5400+30"]

1. e4 c5 2. Nf3 d6 3. d4 cxd4 4. Nxd4 Nf6 5. Nc3 a6 6. Be2 e6 7. O-O Be7 8. a4 Qc7 9. f4 Nbd7 10. Bf3 O-O 11. g4 Nb6 12. g5 Nfd7 13. Kh1 Rd8 14. Qe1 Nf8 15. Bg2 e5 16. Nf5 Be6 17. Nxe7+ Qxe7 18. a5 Nc8 19. f5 Bc4 20. Rg1 d5 21. exd5 Nd6 22. b3 Bb5 23. Ba3 Qd7 24. Bxd6 Qxd6 25. Ne4 Qc7 26. c4 Bd7 27. Qf2 Bc8 28. Rgf1 Qd7 29. Qb6 Qe8 30. Rae1 Nd7 31. Qe3 Qf8 32. c5 Nb8 33. Qg3 Bd7 34. Qxe5 Bb5 35. Rf3 Nd7 36. Qd4 Rac8 37. b4 Nb8 38. Rfe3 Nc6 39. Qc3 Na7 40. Qe5 Rd7 41. Nd6 Rcd8 42. Qe8 Rxd6 43. Qxf8+ Kxf8 44. cxd6 Nc8 45. d7 Bxd7 46. d6 Nxd6 47. f6 Bb5 48. Rd1 Rd7 49. Kg1 Rd8 50. Re5 Re8 51. Rxe8+ Nxe8 52. Rd8 h6 53. h4 Kg8 54. Bd5 gxf6 55. g6 Kf8 56. gxf7 1-0

[Event "10th KiiT Festival 2017"]
[Site "Bhubaneshwar"]
[Date "2017.05.28"]
[Round "4"]
[White "Arjun Kalyan"]
[Black "Nikhil Magizhnan"]
[Result "1-0"]
[ECO "B19"]
[WhiteElo "2322"]
[BlackElo "1992"]
[Annotator "NA"]
[PlyCount "77"]
[EventDate "2017.05.26"]
[EventType "swiss"]
[EventCountry "IND"]
[SourceTitle "playchess.com"]
[Source "ChessBase"]
[SourceQuality "1"]
[TimeControl "5400+30"]

1. e4 c6 2. d4 d5 3. Nd2 dxe4 4. Nxe4 Bf5 5. Ng3 Bg6 6. h4 h6 7. Nf3 e6 8. Ne5 Bh7 9. Bd3 Bxd3 10. Qxd3 Nd7 11. f4 Be7 12. Bd2 Nxe5 13. fxe5 Bxh4 14. O-O-O Bxg3 15. Qxg3 Ne7 16. Bb4 Ng6 17. Kb1 Qg5 18. Qb3 Qxg2 19. Bd6 b6 20. Qa4 Ne7 21. d5 exd5 22. Rhg1 Qe4 23. Qa6 Rd8 24. Rxg7 Nf5 25. Qxa7 Nxd6 26. exd6 Qe6 27. Rf1 Rf8 28. Rgg1 Rxd6 29. Re1 Qxe1+ 30. Rxe1+ Re6 31. Rxe6+ fxe6 32. a4 Rf1+ 33. Ka2 h5 34. Qxb6 h4 35. a5 h3 36. a6 Kf7 37. a7 h2 38. Qc7+ Kf6 39. Qxh2 1-0

[Event "10th KiiT Festival 2017"]
[Site "Bhubaneshwar"]
[Date "2017.05.28"]
[Round "4"]
[White "Raahul V S"]
[Black "Hari Madhavan N B"]
[Result "1-0"]
[ECO "D11"]
[WhiteElo "2311"]
[BlackElo "1970"]
[Annotator "NA"]
[PlyCount "95"]
[EventDate "2017.05.26"]
[EventType "swiss"]
[EventCountry "IND"]
[SourceTitle "playchess.com"]
[Source "ChessBase"]
[SourceQuality "1"]
[TimeControl "5400+30"]

1. d4 d5 2. c4 c6 3. Nf3 Nf6 4. g3 h6 5. Bg2 Bf5 6. O-O e6 7. Nc3 Nbd7 8. cxd5 exd5 9. Nh4 Bh7 10. Re1 Be7 11. e4 dxe4 12. Nxe4 O-O 13. Nc3 Nb6 14. Bh3 Nfd5 15. Nf5 Bg5 16. Qg4 Bxf5 17. Qxf5 Bxc1 18. Raxc1 Qd6 19. Bg2 Nf6 20. Ne4 Nxe4 21. Bxe4 g6 22. Qc5 Rfd8 23. Rcd1 Rd7 24. b4 Rad8 25. Bc2 Qf6 26. Bb3 Kg7 27. Re4 Qd6 28. Rde1 Nc8 29. Rf4 Rf8 30. Qe5+ f6 31. Qc5 Re7 32. Rfe4 Rxe4 33. Rxe4 Qd8 34. d5 cxd5 35. Qxd5 Qc7 36. Qe6 Qc1+ 37. Kg2 Qc7 38. Rd4 Nb6 39. a4 Qe5 40. a5 Qxe6 41. Bxe6 Nc8 42. Bxc8 Rxc8 43. Rd7+ Kg8 44. Rxb7 Rc4 45. b5 Rb4 46. a6 h5 47. Rxa7 Rxb5 48. Rb7 1-0

[Event "10th KiiT Festival 2017"]
[Site "Bhubaneshwar"]
[Date "2017.05.28"]
[Round "4"]
[White "Ziatdinov, Raset"]
[Black "Pinge, Shubham D"]
[Result "0-1"]
[ECO "B98"]
[WhiteElo "2291"]
[BlackElo "2017"]
[Annotator "NA"]
[PlyCount "120"]
[EventDate "2017.05.26"]
[EventType "swiss"]
[EventCountry "IND"]
[SourceTitle "playchess.com"]
[Source "ChessBase"]
[SourceQuality "1"]
[TimeControl "5400+30"]

1. e4 c5 2. Nf3 d6 3. d4 cxd4 4. Nxd4 Nf6 5. Nc3 a6 6. Bg5 e6 7. f4 Be7 8. Qf3 h6 9. Bh4 Qc7 10. O-O-O Nbd7 11. Be1 b5 12. a3 Bb7 13. h4 Nc5 14. Bd3 h5 15. Rh3 Rc8 16. Qe2 Ng4 17. Kb1 Qb6 18. b4 Nd7 19. Nb3 Bf6 20. Bxb5 axb5 21. Nxb5 Ba6 22. c4 Bxb5 23. cxb5 O-O 24. a4 d5 25. a5 Qb7 26. e5 Be7 27. Nd4 Rc4 28. Rb3 Rfc8 29. b6 Nxb6 30. axb6 Qxb6 31. Qb2 Rb8 32. b5 g6 33. Rdd3 Rb7 34. Qd2 Bc5 35. Nc6 Bf2 36. Rf3 Bxe1 37. Qxe1 Qc5 38. Na5 Re4 39. Qc1 Rxb5 40. Qxc5 Rxc5 41. Nb7 Re1+ 42. Kb2 Re2+ 43. Ka3 Rc8 44. g3 Nf2 45. Nd6 Ra8+ 46. Kb4 Ne4 47. Nxe4 Rxe4+ 48. Kc3 f6 49. exf6 Kf7 50. Kd3 Kxf6 51. Re3 Raa4 52. Rxe4 Rxe4 53. Rb8 Kf5 54. Rg8 Re1 55. Kd2 Rg1 56. Rf8+ Ke4 57. Rf6 Rxg3 58. Rxe6+ Kxf4 59. Ke2 Rg4 60. Kf2 Kf5 0-1

[Event "10th KiiT Festival 2017"]
[Site "Bhubaneshwar"]
[Date "2017.05.28"]
[Round "4"]
[White "Mohammad Fahad, Rahman"]
[Black "Sidhant, Mohapatra"]
[Result "0-1"]
[ECO "D36"]
[WhiteElo "2169"]
[BlackElo "2393"]
[Annotator "NA"]
[PlyCount "80"]
[EventDate "2017.05.26"]
[EventType "swiss"]
[EventCountry "IND"]
[SourceTitle "playchess.com"]
[Source "ChessBase"]
[SourceQuality "1"]
[TimeControl "5400+30"]

1. c4 c6 2. Nf3 d5 3. d4 Nf6 4. Nc3 e6 5. cxd5 exd5 6. Bg5 Be7 7. Qc2 g6 8. e3 Bf5 9. Bd3 Bxd3 10. Qxd3 O-O 11. O-O Nbd7 12. Rab1 a5 13. Rfe1 Re8 14. Nd2 Nh5 15. Bxe7 Qxe7 16. e4 dxe4 17. Rxe4 Qg5 18. Rbe1 Rxe4 19. Rxe4 Ndf6 20. h4 Qf5 21. Re3 Qg4 22. g3 Rd8 23. Nde4 Kg7 24. a3 h6 25. Nxf6 Nxf6 26. Ne4 Nd5 27. Re1 Re8 28. f3 Qd7 29. Re2 Qh3 30. Rh2 Qf5 31. Rd2 Re7 32. Kf2 Qe6 33. Rd1 Qh3 34. Rg1 f5 35. Nd2 f4 36. Nf1 Ne3 37. gxf4 Nf5 38. Rg4 Kh7 39. d5 cxd5 40. Qxd5 Qxf1+ 0-1

[Event "10th KiiT Festival 2017"]
[Site "Bhubaneshwar"]
[Date "2017.05.28"]
[Round "4"]
[White "Sahu, Sekhar Chandra"]
[Black "Navalgund, Niranjan"]
[Result "0-1"]
[ECO "C24"]
[WhiteElo "2167"]
[BlackElo "2351"]
[Annotator "NA"]
[PlyCount "108"]
[EventDate "2017.05.26"]
[EventType "swiss"]
[EventCountry "IND"]
[SourceTitle "playchess.com"]
[Source "ChessBase"]
[SourceQuality "1"]
[TimeControl "5400+30"]

1. e4 e5 2. Bc4 Nf6 3. d3 c6 4. Qe2 Be7 5. Nf3 O-O 6. O-O d6 7. Re1 Nbd7 8. a3 a5 9. Nbd2 Nc5 10. d4 exd4 11. Nxd4 Re8 12. f3 d5 13. exd5 Bf8 14. Qf2 Rxe1+ 15. Qxe1 cxd5 16. Bf1 Bd7 17. Kh1 Qb6 18. c3 Re8 19. Qd1 Bd6 20. a4 Nh5 21. b3 Qd8 22. f4 Nxf4 23. N2f3 Ne4 24. Qc2 Qf6 25. Bb5 Bxb5 26. axb5 g5 27. Be3 g4 28. Nd2 Nh5 29. Nxe4 Rxe4 30. Bf2 Rf4 31. Ra2 g3 32. hxg3 Nxg3+ 33. Kg1 Ne4 34. Nf3 Rg4 35. Qd3 Rxg2+ 36. Kxg2 Qg6+ 37. Ng5 Qxg5+ 38. Kf1 Qf5 39. Kg2 Qg6+ 40. Kf3 Qh5+ 41. Kg2 Qh2+ 42. Kf1 Qh1+ 43. Ke2 Qh5+ 44. Kf1 Qh1+ 45. Bg1 Ng3+ 46. Kf2 Qh3 47. Ke1 Qh1 48. Qe3 Ne4 49. Kf1 Ng3+ 50. Ke1 Ne4 51. Kf1 Bc5 52. Rg2+ Qxg2+ 53. Kxg2 Bxe3 54. Bxe3 Nxc3 0-1

[Event "10th KiiT Festival 2017"]
[Site "Bhubaneshwar"]
[Date "2017.05.28"]
[Round "4"]
[White "Wagh Suyog"]
[Black "Roy Chowdhury, Saptarshi"]
[Result "1/2-1/2"]
[ECO "A53"]
[WhiteElo "2138"]
[BlackElo "2326"]
[Annotator "NA"]
[PlyCount "51"]
[EventDate "2017.05.26"]
[EventType "swiss"]
[EventCountry "IND"]
[SourceTitle "playchess.com"]
[Source "ChessBase"]
[SourceQuality "1"]
[TimeControl "5400+30"]

1. d4 Nf6 2. Nf3 d6 3. c4 Bf5 4. Nc3 c6 5. g3 Nbd7 6. Bg2 e5 7. O-O Be7 8. Nh4 Bg6 9. h3 Nh5 10. Nxg6 hxg6 11. d5 c5 12. e4 a6 13. Qg4 Rb8 14. a4 g5 15. a5 g6 16. Bd2 Ng7 17. Na4 O-O 18. Qe2 f5 19. Rfb1 g4 20. exf5 gxh3 21. Bxh3 gxf5 22. Ra3 Qe8 23. b4 cxb4 24. Rxb4 Nf6 25. Nc3 Nd7 26. Na4 1/2-1/2

[Event "10th KiiT Festival 2017"]
[Site "Bhubaneshwar"]
[Date "2017.05.28"]
[Round "4"]
[White "Avdhoot Lendhe"]
[Black "Padmini, Rout"]
[Result "1-0"]
[ECO "D80"]
[WhiteElo "2080"]
[BlackElo "2380"]
[Annotator "NA"]
[PlyCount "111"]
[EventDate "2017.05.26"]
[EventType "swiss"]
[EventCountry "IND"]
[SourceTitle "playchess.com"]
[Source "ChessBase"]
[SourceQuality "1"]
[TimeControl "5400+30"]

1. d4 Nf6 2. c4 g6 3. Nc3 d5 4. h4 c6 5. cxd5 cxd5 6. Bf4 a6 7. e3 Bg7 8. Bd3 Nc6 9. a3 O-O 10. h5 Re8 11. hxg6 hxg6 12. Nf3 Bg4 13. Qb3 Bxf3 14. gxf3 e5 15. dxe5 Nxe5 16. Be2 b5 17. Rd1 Nc4 18. Bg5 Qa5 19. Kf1 Nh7 20. Rxd5 Nxg5 21. Qxc4 Ne6 22. Qh4 Rad8 23. Kg2 Rxd5 24. Nxd5 Qd8 25. Qxd8 Rxd8 26. Nb4 Rd2 27. Re1 Nc5 28. b3 Rb2 29. Bd1 Rb1 30. Rf1 a5 31. Nc6 Nxb3 32. Be2 Rxf1 33. Bxf1 b4 34. axb4 axb4 35. Nxb4 Kf8 36. Na6 Ke7 37. Bc4 Na5 38. Bd5 g5 39. Nb4 Be5 40. Nd3 Bc7 41. e4 f6 42. Kh3 Bb6 43. Kg4 Bd4 44. Kf5 Bc3 45. f4 gxf4 46. Nxf4 Kd6 47. f3 Bb2 48. Ng6 Bc3 49. Nf4 Bb2 50. Nh5 Ke7 51. Kg6 Bc3 52. Ng3 Be5 53. Nf5+ Kf8 54. Nh6 Ke7 55. Ng8+ Kd6 56. Nxf6 1-0

[Event "10th KiiT Festival 2017"]
[Site "Bhubaneshwar"]
[Date "2017.05.28"]
[Round "4"]
[White "Lama, Himal"]
[Black "Sai Krishna G V"]
[Result "0-1"]
[ECO "C44"]
[WhiteElo "2073"]
[BlackElo "2339"]
[Annotator "NA"]
[PlyCount "101"]
[EventDate "2017.05.26"]
[EventType "swiss"]
[EventCountry "IND"]
[SourceTitle "playchess.com"]
[Source "ChessBase"]
[SourceQuality "1"]
[TimeControl "5400+30"]

1. e4 e5 2. Nf3 Nc6 3. c4 f5 4. Nc3 Nf6 5. d3 Bb4 6. Bd2 O-O 7. Be2 d6 8. O-O Bxc3 9. Bxc3 fxe4 10. dxe4 Qe8 11. b4 Qg6 12. b5 Nxe4 13. Bb2 Ne7 14. Bd3 Bg4 15. Nh4 Qh5 16. f3 Nc5 17. g3 Bh3 18. Rf2 Rf7 19. Be2 Raf8 20. Qc2 g5 21. Ng2 Bxg2 22. Rxg2 Qh6 23. Qd2 Nf5 24. Rf2 g4 25. Qxh6 Nxh6 26. Bc1 Nf5 27. f4 h5 28. Bf1 h4 29. fxe5 hxg3 30. hxg3 Nxg3 31. Be3 Rxf2 32. Bxf2 Nge4 33. Bxc5 Nxc5 34. exd6 cxd6 35. Rd1 Rf6 36. Bg2 Kf7 37. Kh2 b6 38. Kg3 Rg6 39. Rd4 Ke6 40. Rf4 Rg7 41. a3 Ke5 42. Bd5 Nd3 43. Re4+ Kf5 44. Re6 Rh7 45. Rxd6 Rh3+ 46. Kg2 Nf4+ 47. Kf1 Rxa3 48. Rd8 g3 49. Rf8+ Ke5 50. Re8+ Kd6 51. Ke1 0-1

[Event "10th KiiT Festival 2017"]
[Site "Bhubaneshwar"]
[Date "2017.05.28"]
[Round "4"]
[White "Krishnater Kushager"]
[Black "Aradhya, Garg"]
[Result "1/2-1/2"]
[ECO "D17"]
[WhiteElo "1953"]
[BlackElo "2304"]
[Annotator "NA"]
[PlyCount "84"]
[EventDate "2017.05.26"]
[EventType "swiss"]
[EventCountry "IND"]
[SourceTitle "playchess.com"]
[Source "ChessBase"]
[SourceQuality "1"]
[TimeControl "5400+30"]

1. d4 d5 2. c4 c6 3. Nc3 Nf6 4. Nf3 dxc4 5. a4 Bf5 6. Ne5 Nbd7 7. Nxc4 Nb6 8. Ne5 a5 9. h4 Qc7 10. f3 Nbd7 11. Bf4 Nxe5 12. dxe5 Be6 13. e3 Nd7 14. Rc1 g6 15. Nb5 Qb6 16. Nd4 Bg7 17. Nxe6 fxe6 18. Qd4 Qc7 19. Bc4 Bxe5 20. Bxe5 Qxe5 21. Bxe6 Qxd4 22. exd4 Nf6 23. Rc5 Rf8 24. g4 Nd7 25. Bxd7+ Kxd7 26. Ke2 Rf4 27. Ke3 Raf8 28. Rh3 b6 29. Rg5 Kd6 30. h5 R4f6 31. hxg6 hxg6 32. f4 c5 33. dxc5+ bxc5 34. Kd3 Rb8 35. Kc3 Rxf4 36. Rxg6+ Kd5 37. b3 c4 38. Kb2 e5 39. Ra6 Rxg4 40. Ka3 Rg1 41. Rxa5+ Kd4 42. Ra7 Rxb3+ 1/2-1/2

[Event "10th KiiT Festival 2017"]
[Site "Bhubaneshwar"]
[Date "2017.05.28"]
[Round "4"]
[White "Shahil Dey"]
[Black "Karthik Venkataraman"]
[Result "0-1"]
[ECO "B96"]
[WhiteElo "1755"]
[BlackElo "2317"]
[Annotator "NA"]
[PlyCount "122"]
[EventDate "2017.05.26"]
[EventType "swiss"]
[EventCountry "IND"]
[SourceTitle "playchess.com"]
[Source "ChessBase"]
[SourceQuality "1"]
[TimeControl "5400+30"]

1. e4 c5 2. Nf3 d6 3. d4 cxd4 4. Nxd4 Nf6 5. Nc3 a6 6. Bg5 e6 7. f4 Qc7 8. Qe2 Nbd7 9. O-O-O b5 10. Nd5 exd5 11. exd5+ Be7 12. Nf5 Nc5 13. Nxg7+ Kd8 14. h3 Nfe4 15. Re1 Bxg5 16. fxg5 Qe7 17. h4 Qe5 18. Nh5 Re8 19. Qf3 Qxd5 20. Bd3 Bb7 21. Nf6 Nxd3+ 22. Qxd3 Qxd3 23. cxd3 Nxf6 24. gxf6 Rxe1+ 25. Rxe1 Bxg2 26. Rg1 Bd5 27. Rg7 Kd7 28. b3 Rh8 29. Rg5 Ke6 30. Kd2 h6 31. Rg1 Kxf6 32. Rf1+ Kg6 33. Kc3 Rc8+ 34. Kd4 Be6 35. Rf2 Kh5 36. Rh2 Rg8 37. Ke3 Rg3+ 38. Kd2 Rh3 39. Rf2 Kxh4 40. Rf4+ Kg3 41. Ke3 Rh2 42. Rf3+ Kg4 43. Rf4+ Kg5 44. Rd4 d5 45. a4 f5 46. axb5 f4+ 47. Rxf4 Rh3+ 48. Rf3 d4+ 49. Kf2 Rxf3+ 50. Kxf3 axb5 51. b4 Bd5+ 52. Kg3 h5 53. Kh3 h4 54. Kh2 Kg4 55. Kg1 Kg3 56. Kf1 h3 57. Ke2 h2 58. Kd2 h1=Q 59. Kc2 Qg2+ 60. Kb1 Bb3 61. Kc1 Qc2# 0-1

[Event "10th KiiT Festival 2017"]
[Site "Bhubaneshwar"]
[Date "2017.05.29"]
[Round "5"]
[White "Sidhant, Mohapatra"]
[Black "Raahul V S"]
[Result "1-0"]
[ECO "C11"]
[WhiteElo "2393"]
[BlackElo "2311"]
[Annotator "ChessBase"]
[PlyCount "53"]
[EventDate "2017.05.26"]
[EventType "swiss"]
[EventCountry "IND"]
[SourceTitle "playchess.com"]
[Source "ChessBase"]
[SourceQuality "1"]
[TimeControl "5400+30"]

1. e4 e6 2. d4 d5 3. Nc3 Nf6 4. e5 Nfd7 5. f4 c5 6. Nf3 Nc6 7. Be3 Be7 8. a3 a6 9. dxc5 Nxc5 10. b4 Nd7 11. Bd3 O-O 12. O-O Nb6 13. Nd4 Qc7 14. Kh1 g6 15. Qe1 Bd7 16. Qf2 Nc4 17. Bxc4 dxc4 18. Ne4 Kg7 19. Nf3 f6 20. Bb6 Qc8 21. exf6+ Bxf6 22. Nxf6 Rxf6 23. Rad1 e5 24. fxe5 Nxe5 25. Bd4 Ng4 26. Qh4 Qf8 27. h3 1-0

[Event "10th KiiT Festival 2017"]
[Site "Bhubaneshwar"]
[Date "2017.05.29"]
[Round "5"]
[White "Ravi, Teja S"]
[Black "Doshi, Moksh Amitbhai"]
[Result "1-0"]
[ECO "E34"]
[WhiteElo "2369"]
[BlackElo "2188"]
[Annotator "ChessBase"]
[PlyCount "61"]
[EventDate "2017.05.26"]
[EventType "swiss"]
[EventCountry "IND"]
[SourceTitle "playchess.com"]
[Source "ChessBase"]
[SourceQuality "1"]
[TimeControl "5400+30"]

1. d4 Nf6 2. c4 e6 3. Nc3 Bb4 4. Qc2 d5 5. cxd5 Qxd5 6. Nf3 Qf5 7. Qxf5 exf5 8. Bd2 c6 9. e3 Nbd7 10. Bd3 Nb6 11. Ke2 Be6 12. Nb5 cxb5 13. Bxb5+ Bd7 14. Bxd7+ Nfxd7 15. Bxb4 Nd5 16. Bd6 f6 17. h3 a5 18. g4 Ra6 19. Bg3 Rb6 20. Rab1 fxg4 21. hxg4 O-O 22. Rhc1 Re8 23. Nd2 Rb4 24. Kd3 N5b6 25. Ne4 Rc8 26. Rxc8+ Nxc8 27. Rc1 Ncb6 28. b3 a4 29. Bd6 Rb5 30. b4 a3 31. Bc5 1-0

[Event "10th KiiT Festival 2017"]
[Site "Bhubaneshwar"]
[Date "2017.05.29"]
[Round "5"]
[White "Roy Chowdhury, Saptarshi"]
[Black "Datta Ramakrishna J"]
[Result "1/2-1/2"]
[ECO "B50"]
[WhiteElo "2326"]
[BlackElo "1364"]
[Annotator "ChessBase"]
[PlyCount "49"]
[EventDate "2017.05.26"]
[EventType "swiss"]
[EventCountry "IND"]
[SourceTitle "playchess.com"]
[Source "ChessBase"]
[SourceQuality "1"]
[TimeControl "40/5400+30:1800+30"]

1. e4 c5 2. Nf3 d6 3. c3 Nf6 4. Be2 Nbd7 5. d3 b6 6. O-O Bb7 7. Re1 g6 8. Nbd2 Bg7 9. Bf1 Ne5 10. Nxe5 dxe5 11. Nc4 Nd7 12. Bg5 O-O 13. a4 Nb8 14. Be3 Nc6 15. a5 Ba6 16. axb6 axb6 17. Qb3 Bxc4 18. Qxc4 Qc7 19. Qb5 h5 20. Rec1 Na7 21. Qc4 Rfc8 22. b4 cxb4 23. Qxc7 Rxc7 24. Bxb6 Rxc3 25. Rxc3 1/2-1/2

[Event "10th KiiT Festival 2017"]
[Site "Bhubaneshwar"]
[Date "2017.05.29"]
[Round "5"]
[White "Muthaiah AL"]
[Black "Senthil Maran K"]
[Result "1-0"]
[ECO "D93"]
[WhiteElo "2289"]
[BlackElo "2111"]
[Annotator "ChessBase"]
[PlyCount "111"]
[EventDate "2017.05.26"]
[EventType "swiss"]
[EventCountry "IND"]
[SourceTitle "playchess.com"]
[Source "ChessBase"]
[SourceQuality "1"]
[TimeControl "5400+30"]

1. c4 Nf6 2. Nc3 g6 3. d4 d5 4. Bf4 c6 5. e3 Bg7 6. Nf3 O-O 7. h3 Qa5 8. Nd2 Bf5 9. Be2 Nbd7 10. O-O Ne4 11. Ndxe4 Bxe4 12. Qb3 Qb6 13. f3 Qxb3 14. axb3 Bc2 15. cxd5 cxd5 16. Nxd5 e5 17. dxe5 Bxb3 18. Nc7 Rac8 19. e6 fxe6 20. Bd6 Rf7 21. Rxa7 Bf8 22. Bxf8 Nxf8 23. Rxb7 Bc2 24. Rc1 Rfxc7 25. Rxc7 Rxc7 26. Bd1 Bxd1 27. Rxc7 Ba4 28. e4 Nd7 29. Kf2 Kf8 30. Ke3 Ke7 31. h4 e5 32. Ra7 Bc6 33. g3 Kd6 34. f4 h5 35. b4 Bb5 36. Ra8 Bc6 37. Ra6 Kc7 38. b5 Bxb5 39. Rxg6 exf4+ 40. gxf4 Ba4 41. f5 Kd8 42. Kf4 Ke7 43. e5 Nc5 44. Rg7+ Kf8 45. Ra7 Bc2 46. Rc7 Nd3+ 47. Kg5 Ba4 48. e6 Ne5 49. f6 Be8 50. Rc8 Nf3+ 51. Kf4 Nd4 52. Ke5 Nf3+ 53. Kd6 Nxh4 54. f7 Nf5+ 55. Ke5 Ng7 56. Kf6 1-0

[Event "10th KiiT Festival 2017"]
[Site "Bhubaneshwar"]
[Date "2017.05.29"]
[Round "5"]
[White "Sammed Jaykumar, Shete"]
[Black "Prasant N Nayagam"]
[Result "1/2-1/2"]
[ECO "B52"]
[WhiteElo "2263"]
[BlackElo "2087"]
[Annotator "ChessBase"]
[PlyCount "92"]
[EventDate "2017.05.26"]
[EventType "swiss"]
[EventCountry "IND"]
[SourceTitle "playchess.com"]
[Source "ChessBase"]
[SourceQuality "1"]
[TimeControl "5400+30"]

1. e4 c5 2. Nf3 d6 3. Bb5+ Bd7 4. Bxd7+ Qxd7 5. c4 Nc6 6. Nc3 g6 7. d4 cxd4 8. Nxd4 Bg7 9. Be3 Nf6 10. f3 Rc8 11. b3 O-O 12. O-O a6 13. Qd3 Qd8 14. Rac1 Qa5 15. Rfd1 h5 16. Qd2 Kh7 17. Nxc6 Rxc6 18. a4 Rcc8 19. h3 Qb4 20. Qc2 Bh6 21. f4 h4 22. Kh1 Qa5 23. Qf2 Qh5 24. Nd5 Nxe4 25. Qe1 Ng3+ 26. Kh2 Nf5 27. Bf2 Bg7 28. a5 e6 29. Nb6 Rcd8 30. Qe4 Ng3 31. Qxb7 Ne2 32. Rc2 Nxf4 33. Qf3 Qxa5 34. c5 Be5 35. Nc4 Qb4 36. cxd6 Nd3+ 37. Nxe5 Nxe5 38. Qe3 Rxd6 39. Qxe5 Rxd1 40. Rc4 Rd5 41. Qf6 Qd2 42. Rxh4+ Rh5 43. Bd4 Qh6 44. Rg4 g5 45. Qe7 Rh4 46. Rxh4 gxh4 1/2-1/2

[Event "10th KiiT Festival 2017"]
[Site "Bhubaneshwar"]
[Date "2017.05.29"]
[Round "5"]
[White "Sahoo, Utkal Ranjan"]
[Black "Avdhoot Lendhe"]
[Result "1-0"]
[ECO "A32"]
[WhiteElo "2256"]
[BlackElo "2080"]
[Annotator "ChessBase"]
[PlyCount "85"]
[EventDate "2017.05.26"]
[EventType "swiss"]
[EventCountry "IND"]
[SourceTitle "playchess.com"]
[Source "ChessBase"]
[SourceQuality "1"]
[TimeControl "5400+30"]

1. d4 Nf6 2. c4 e6 3. Nc3 Bb4 4. Nf3 c5 5. Bd2 cxd4 6. Nxd4 O-O 7. a3 Be7 8. e4 d6 9. Be2 b6 10. Bf3 a6 11. e5 dxe5 12. Bxa8 exd4 13. Ne4 Qc7 14. Nxf6+ Bxf6 15. Be4 Qxc4 16. Rc1 Qb5 17. Qc2 g6 18. Bb4 Rd8 19. Qxc8 a5 20. Bd6 d3 21. Qc7 Kg7 22. Bf4 Qxb2 23. Bd2 Rd4 24. Qf4 g5 25. Qe3 Nd7 26. h4 Nc5 27. Bxh7 Kxh7 28. hxg5+ Kg8 29. gxf6 Rg4 30. Rh8+ Kxh8 31. Qh3+ Kg8 32. Qxg4+ Kf8 33. Qg7+ Ke8 34. Qg8+ Kd7 35. Qxf7+ Kd6 36. Qe7+ Kd5 37. Qd8+ Kc6 38. f7 Qe5+ 39. Be3 Qb2 40. Rxc5+ bxc5 41. Qc8+ Kd5 42. Qxc5+ Ke4 43. f3# 1-0

[Event "10th KiiT Festival 2017"]
[Site "Bhubaneshwar"]
[Date "2017.05.29"]
[Round "5"]
[White "Ramnathan, Balasubramaniam"]
[Black "Rathanvel, V S"]
[Result "0-1"]
[ECO "A15"]
[WhiteElo "2153"]
[BlackElo "2361"]
[Annotator "ChessBase"]
[PlyCount "86"]
[EventDate "2017.05.26"]
[EventType "swiss"]
[EventCountry "IND"]
[SourceTitle "playchess.com"]
[Source "ChessBase"]
[SourceQuality "1"]
[TimeControl "5400+30"]

1. Nf3 Nf6 2. g3 g6 3. Bg2 Bg7 4. O-O d5 5. d3 O-O 6. Nbd2 Nc6 7. c4 e5 8. cxd5 Nxd5 9. Nc4 h6 10. Bd2 Be6 11. Na5 Nxa5 12. Bxa5 Qd7 13. Qc2 c5 14. Rac1 Rac8 15. a3 Qb5 16. Bd2 Rfd8 17. Qb1 Nb6 18. Bc3 c4 19. Rfe1 Na4 20. dxc4 Bxc4 21. e4 Bd3 22. Qa2 Nxc3 23. bxc3 Qa4 24. h4 Rd6 25. h5 g5 26. Nd2 Ba6 27. Bf1 b5 28. Qb2 Rdc6 29. Nb1 Bf8 30. Rcd1 Bc5 31. Bh3 R8c7 32. Bf5 Qa5 33. Rd5 Re7 34. Red1 Qb6 35. Qa2 Kg7 36. Rd7 Bb7 37. Rd8 Rf6 38. g4 Bxe4 39. Bxe4 Rxf2 40. Qxf2 Bxf2+ 41. Kg2 Qe3 42. Nd2 Qg3+ 43. Kf1 Bb6 0-1

[Event "10th KiiT Festival 2017"]
[Site "Bhubaneshwar"]
[Date "2017.05.29"]
[Round "5"]
[White "Cholleti Sahajasri"]
[Black "Mitrabha, Guha"]
[Result "0-1"]
[ECO "A30"]
[WhiteElo "2133"]
[BlackElo "2299"]
[Annotator "ChessBase"]
[PlyCount "60"]
[EventDate "2017.05.26"]
[EventType "swiss"]
[EventCountry "IND"]
[SourceTitle "playchess.com"]
[Source "ChessBase"]
[SourceQuality "1"]
[TimeControl "5400+30"]

1. Nf3 Nf6 2. c4 b6 3. g3 Bb7 4. Bg2 c5 5. Nc3 e6 6. O-O Be7 7. Re1 Nc6 8. e4 O-O 9. d4 cxd4 10. Nxd4 Nxd4 11. Qxd4 Bc5 12. Qd1 e5 13. a3 Rc8 14. Nd5 Bd4 15. Bf1 Nxd5 16. cxd5 f5 17. exf5 Rxf5 18. Be3 Qf6 19. Bg2 Rxf2 20. Bxf2 Bxf2+ 21. Kh1 Bxe1 22. Qxe1 Rc2 23. Rc1 Rxc1 24. Qxc1 Qd6 25. Qd2 Qc5 26. Qg5 Qd6 27. Qd2 h6 28. g4 Qc7 29. h3 Qc4 30. Qe3 Bxd5 0-1

[Event "10th KiiT Festival 2017"]
[Site "Bhubaneshwar"]
[Date "2017.05.29"]
[Round "5"]
[White "Subhayan Kundu"]
[Black "Saravana, Krishnan P"]
[Result "0-1"]
[ECO "C15"]
[WhiteElo "2121"]
[BlackElo "2345"]
[Annotator "ChessBase"]
[PlyCount "56"]
[EventDate "2017.05.26"]
[EventType "swiss"]
[EventCountry "IND"]
[SourceTitle "playchess.com"]
[Source "ChessBase"]
[SourceQuality "1"]
[TimeControl "40/5400+30:1800+30"]

1. e4 e6 2. d4 d5 3. Nc3 Bb4 4. Nge2 Nc6 5. a3 Ba5 6. exd5 exd5 7. Ng3 Nf6 8. Be2 O-O 9. O-O Re8 10. b4 Bb6 11. Be3 h6 12. Na4 Ne7 13. Nxb6 axb6 14. Bd3 Ng6 15. Bxg6 fxg6 16. Bf4 g5 17. Be5 Ng4 18. Re1 Nxe5 19. dxe5 Be6 20. Qd3 Rf8 21. Ne2 c5 22. Nc3 Qd7 23. a4 Rf4 24. bxc5 bxc5 25. a5 Qf7 26. f3 Rf8 27. Na4 g4 28. fxg4 Rxa4 0-1